AoeStats
← LeMeow

Fortress

508180935Analyzed
2v2 RM · 11d ago on Sep 21, 2026· 20m 42s· 4 players
Game mode
Random Map
Map size
Normal (6 player)
Population
200
Speed
Normal
Resources
Standard
Victory
Conquest
Starting age
Dark Age
Ending age
Imperial Age
RankedLock teamsTeams togetherTeam positionsShared explorationLock speedFull tech treeHidden civsTurbo modeCheats
Victory
Defeat
🇹🇼 Japanese · Taiwan
1292
+18
🇹🇼 Goths · Taiwan
1290
+18
🇻🇳 Turks · Vietnam
1349
-19
🇭🇰 Britons · Hong Kong SAR China
1316
-17
王先生
7:36 Feudal Age
11:12 Castle Age
9:31 Double-Bit Axe
12:22 Bow Saw
11:55 Horse Collar
16:38 Wheelbarrow
16:47 Heavy Plow
李大爺
7:34 Feudal Age
8:18 Double-Bit Axe
8:35 Horse Collar
12:56 Castle Age
14:35 Fletching
17:45 Bow Saw
18:21 Bodkin Arrow
19:03 Padded Archer Armor
Dragerwoods
LeMeow
7:18 Feudal Age
11:08 Castle Age
9:14 Horse Collar
10:20 Double-Bit Axe
12:04 Bow Saw
17:32 Wheelbarrow
17:54 Padded Archer Armor
Connection lost

Rejoining the realm…

Still unreachable

The connection could not be restored.

Session expired

The server has moved on; the page needs a fresh start.